 Dungeon Crawl Stone Soup version 0.25.1-2-g60ff931df9 (webtiles) character file.

Game seed: 16443690999792919870

15 Acheron the Firebug (level 2, -3/23 HPs)
             Began as a Hill Orc Fire Elementalist on Aug 19, 2020.
             Killed by nerve-wracking pain
             ... invoked by Jessica
              (5 damage)
             ... on level 2 of the Dungeon.
             The game lasted 00:04:17 (754 turns).

Acheron the Firebug (Hill Orc Fire Elementalist)     Turns: 754, Time: 00:04:17

Health: -3/23      AC:  2    Str: 10    XL:     2   Next: 50%
Magic:  1/4        EV: 12    Int: 15    God:
Gold:   47         SH:  0    Dex: 11    Spells: 3/4 levels left

rFire    . . .     SeeInvis .   g - +0 whip
rCold    . . .     Gourm    .   (no shield)
rNeg     . . .     Faith    .   a - +0 robe
rPois    .         Spirit   .   (no helmet)
rElec    .         Reflect  .   (no cloak)
rCorr    .         Harm     .   (no gloves)
MR       .....                  (no boots)
Stlth    ++........             (no amulet)
HPRegen  0.07/turn              (no ring)
MPRegen  0.09/turn              (no ring)

@: very slightly contaminated
A: no striking features
a: no special abilities


You were on level 2 of the Dungeon.
You were not hungry.

You visited 1 branch of the dungeon, and saw 2 of its levels.

You collected 47 gold pieces.

Inventory:

Hand Weapons
 g - a +0 whip (weapon)
Armour
 a - a +0 robe (worn)
Jewellery
 b - an uncursed ring of protection from magic {unknown}
Scrolls
 e - a scroll of teleportation {unknown}
 f - a scroll of enchant armour {unknown}
 i - a scroll of enchant weapon {unknown}
 k - a scroll of magic mapping {unknown}
 m - a scroll of amnesia {unknown}
 n - a scroll of fear {unknown}
 o - a scroll of remove curse {unknown}
Potions
 d - a potion of flight {unknown}
 j - a potion of brilliance {unknown}
 l - a potion of degeneration {unknown}
 p - a potion of heal wounds {unknown}
Comestibles
 c - 4 rations
 h - a chunk of flesh


   Skills:
 * Level 1.2 Fighting
 * Level 0.1 Maces & Flails
 * Level 1.6 Dodging
 * Level 1.5 Stealth
 * Level 1.7 Spellcasting
 * Level 1.1 Conjurations
 + Level 3.5 Fire Magic


You had 3 spell levels left.
You knew the following spells:

 Your Spells              Type           Power        Failure   Level  Hunger
a - Foxfire               Conj/Fire      #...         9%          1    ##.....

Your spell library contained the following spells:

 Spells                   Type           Power        Failure   Level  Hunger
 Conjure Flame            Conj/Fire      #.......     26%         3    ####...
 Inner Flame              Hex/Fire       #.......     32%         3    ####...
 Sticky Flame             Conj/Fire      #.......     65%         4    #####..
 Fireball                 Conj/Fire      #.........   94%         5    ######.


Dungeon Overview and Level Annotations

Branches:
Dungeon (2/15)

Altars:

Annotations:
D:2 Jessica


Message History

Jessica mumbles something strange.
Jessica gestures at you while chanting. You resist with some effort.
Jessica closely misses you.
You hit Jessica.
Jessica is severely wounded.
Jessica casts a spell at you. Pain shoots through your body!
Ouch! That really hurt!
You closely miss Jessica.
Jessica is severely wounded.
Jessica hits you with a +0 dagger.
* * * LOW HITPOINT WARNING * * *
Jessica hits you with a +0 dagger.
* * * LOW HITPOINT WARNING * * *
Casting: Foxfire (safe; 9% risk of failure)
Confirm with . or Enter, or press ? or * to list all spells.
You conjure some foxfire!
Jessica gestures at you while chanting. Pain shoots through your body!
You die...

######## #...
..#
#.#.####.####.#
.......<......#
#.#.####v@#.#[#
#@.#.#.#
#v.......@.#
##.###.###<#
..# #.# (...
... ....####.#
...# . .# ..


You could see Jessica (fast).

Vanquished Creatures
  A giant cockroach (D:1)
  A goblin (D:1)
  2 hobgoblins (D:1)
  2 jackals (D:1)
  4 bats (D:1)
  A frilled lizard (D:1)
  A kobold (D:1)
  2 rats (D:1)
14 creatures vanquished.

Vanquished Creatures (others)
  18 foxfires
18 creatures vanquished.

Grand Total: 32 creatures vanquished

Notes
Turn   | Place    | Note
-------+----------+-------------------------------------------
     0 | D:1      | Acheron the Hill Orc Fire Elementalist began the quest for
                  | the Orb.
     0 | D:1      | Reached XP level 1. HP: 14/14 MP: 3/3
   293 | D:1      | Reached skill level 1 in Fighting
   293 | D:1      | Reached XP level 2. HP: 11/23 MP: 0/4
   740 | D:2      | Noticed Jessica
   754 | D:2      | Killed from afar by Jessica

Illustrated notes

Levels and vault maps discovered:
D:1:      dpeg_cavernosity, layout_basic
D:2:      layout_loops_cross, tgw_xom, uniq_jessica

Skill      XL: |  1 |
---------------+----+-----
Fighting       | 1 |  1.2
Maces & Flails | |  0.1
Dodging        | |  1.6
Stealth        | |  1.5
Spellcasting   | |  1.7
Conjurations   | |  1.1
Fire Magic     | |  3.5

Action                   || total
-------------------------++-------
Melee: Whip              ||    28
 Cast: Foxfire           ||    13
Armor: Robe              ||     4
Dodge: Dodged            ||    26
